 Dungeon Crawl Stone Soup version 0.23.2 (webtiles) character file.

Game seed: 11558172958795385917

30 aelisj the Digger (level 3, -2/19 HPs)
             Began as a Gargoyle Earth Elementalist on Apr 12, 2019.
             Slain by an adder (4 damage)
             ... on level 2 of the Dungeon.
             The game lasted 00:06:51 (737 turns).

aelisj the Digger (Gargoyle Earth Elementalist)      Turns: 737, Time: 00:06:52

Health: -2/19      AC:  5    Str: 11    XL:     3   Next: 18%
Magic:  7/7        EV: 12    Int: 16    God:
Gold:   59         SH:  0    Dex: 10    Spells: 6/7 levels left

rFire    . . .     SeeInvis .   j - +0 club
rCold    . . .     Gourm    .   (no shield)
rNeg     + . .     Faith    .   c - +0 robe
rPois    ∞         Spirit   .   (no helmet)
rElec    +         Reflect  .   (no cloak)
rCorr    .         Harm     .   (no gloves)
MR       .....                  (no boots)
Stlth    ++........             (no amulet)
HPRegen  0.06/turn              (no ring)
MPRegen  0.10/turn              (no ring)

@: no status effects
A: negative energy resistance 1, electricity resistance, unbreathing,
petrification resistance, rot immunity, AC +3
a: no special abilities


You were on level 2 of the Dungeon.
You were not hungry.

You visited 1 branch of the dungeon, and saw 2 of its levels.

You collected 59 gold pieces.

Inventory:

Hand Weapons
 e - a +0 spear
 f - a +0 dagger
 j - a +0 club (weapon)
Armour
 c - a +0 robe (worn)
Jewellery
 g - a cursed ring of teleportation
Scrolls
 l - a scroll of enchant armour {unknown}
Potions
 i - a potion of heal wounds {unknown}
Comestibles
 a - 4 chunks of flesh
 d - 5 rations


   Skills:
 - Level 1.5 Dodging
 - Level 2.1 Stealth
 + Level 2.7 Spellcasting
   Level 0.7 Transmutations
 + Level 4.4 Earth Magic


You had 6 spell levels left.
You knew the following spells:

 Your Spells              Type           Power        Failure   Level  Hunger
a - Sandblast             Erth           ###...       3%          1    #......

Your spell library contained the following spells:

 Spells                   Type           Power        Failure   Level  Hunger
 Passwall                 Tmut/Erth      ##......     10%         2    ##.....
 Stone Arrow              Conj/Erth      #.....       24%         3    ###....
 Petrify                  Tmut/Erth      ##......     54%         4    #####..
 Lee's Rapid Deconstruct  Erth           ###.......   65%         5    ######.


Dungeon Overview and Level Annotations

Branches:
Dungeon (2/15)

Altars:


Innate Abilities, Weirdness & Mutations

You are resistant to torment.
Your stone body is resilient. (AC +3)
You are immune to poison.
You resist negative energy. (rN+)
You are resistant to electric shocks. (rElec)
You can survive without breathing.
You are immune to petrification.
You are immune to rotting.


Message History

You hit the adder.
The adder is heavily wounded.
The adder closely misses you. The goblin closely misses you.
The adder bites you.
* * * LOW HITPOINT WARNING * * *
You closely miss the adder.
The adder is heavily wounded.
The adder bites you.
* * * LOW HITPOINT WARNING * * *
The goblin barely misses you. The goblin closely misses you.
The adder barely misses you. The goblin hits you with a +0 club.
* * * LOW HITPOINT WARNING * * *
Unknown command.
Unknown command.
Unknown command.
Unknown command.
You hit the goblin.
The goblin is severely wounded.
The goblin closely misses you. The adder bites you.
You die...

####...........
......##.......
####....# ..
####.## #..###
##...#######
#........w.#
#........gg#
#.......FS@#
.....^....#######
............#
.#######.#### #..
##.. #. ..


You could see a bullfrog, a worm, an adder and 2 goblins.

Vanquished Creatures
  A leopard gecko (D:1)
  A giant cockroach (D:2)
  3 goblins
  6 hobgoblins
  2 jackals (D:1)
  3 kobolds (D:1)
  A quokka (D:2)
  A ball python (D:1)
  4 bats
  3 rats
25 creatures vanquished.

Notes
Turn   | Place    | Note
-------+----------+-------------------------------------------
     0 | D:1      | aelisj the Gargoyle Earth Elementalist began the quest for
                  | the Orb.
     0 | D:1      | Reached XP level 1. HP: 10/10 MP: 3/3
   136 | D:1      | Reached skill level 4 in Earth Magic
   136 | D:1      | Reached XP level 2. HP: 15/15 MP: 1/5
   518 | D:1      | Reached XP level 3. HP: 19/19 MP: 1/6
   715 | D:2      | Noticed a bullfrog
   737 | D:2      | Slain by an adder

Skill      XL: |  1 |
---------------+----+-----
Earth Magic    | 4 |  4.4
Dodging        | |  1.5
Stealth        | |  2.1
Spellcasting   | |  2.7
Transmutations | |  0.7

Action                   || total
-------------------------++-------
Melee: Club              ||     5
 Cast: Sandblast         ||    39
  Use: Scroll            ||     2
Armor: Robe              ||     9
Dodge: Dodged            ||    24
